 Dungeon Crawl Stone Soup version 0.31-a0-1074-g0b22e4e0f1 (webtiles) character file.

Game seed: 3121283098451803426

108 grandjackal the Conjurer (level 4, -2/27 HPs)
             Began as a Tengu Conjurer on Nov 29, 2023.
             Constricted to death by Ijyb (5 damage)
             ... on level 4 of the Dungeon.
             The game lasted 00:03:51 (3143 turns).

grandjackal the Conjurer (Tengu Conjurer)           Turns: 3143, Time: 00:03:52

Health: -2/27      AC:  2    Str:  8    XL:     4   Next: 87%
Magic:  4/9        EV:  9    Int: 20    God:
Gold:   84         SH:  0    Dex: 12    Spells: 1/8 levels left

rFire   . . .        j - +0 rapier
rCold   . . .        (no shield)
rNeg    . . .        a - +0 robe
rPois   .            (helmet restricted)
rElec   .            (no cloak)
rCorr   .            (no gloves)
SInv    .            (boots unavailable)
Will    .....        q - amulet of magic regeneration
Stlth   ++           l - ring of wizardry
HPRegen 0.24/turn    (no ring)
MPRegen 0.51/turn

%: acrobat, wizardry (x1)
@: grasped by roots, acrobatic, constricted
A: beak, talons 3, acrobatic
a: no special abilities


You were on level 4 of the Dungeon.
You visited 1 branch of the dungeon, and saw 4 of its levels.

You collected 84 gold pieces.

Inventory:

Hand Weapons
 j - a +0 rapier (weapon)
Armour
 a - a +0 robe (worn)
 p - a +0 kite shield
Jewellery
 l - a ring of wizardry (left hand)
 q - an amulet of magic regeneration (around neck)
Scrolls
 e - a scroll of identify {unknown}
 g - a scroll of vulnerability {unknown}
 i - a scroll of poison {unknown}
 k - 3 scrolls of teleportation {unknown}
 n - a scroll of enchant armour {unknown}
 o - 3 scrolls of immolation {unknown}
 r - 3 scrolls of fear {unknown}
Potions
 b - a potion of magic
 c - 4 potions of lignification {unknown}
 d - a potion of invisibility {unknown}
 f - a potion of might {unknown}
 h - 2 potions of curing {unknown}
 m - a potion of resistance {unknown}


   Skills:
 + Level 2.3 Fighting
 - Level 2.1 Dodging
 - Level 2.0 Stealth
 + Level 2.9 Spellcasting
 + Level 6.2 Conjurations
 + Level 0.5 Translocations


You had one spell level left.
You knew the following spells:

 Your Spells              Type           Power      Damage    Failure   Level
a - Magic Dart            Conj           100%       1d8       1%          1
b - Searing Ray           Conj           54%        2d6       1%          2
c - Iskenderun's Mystic   Conj/Tloc      16%        2d5       14%         4

Your spell library contained the following spells:

 Spells                   Type           Power      Damage    Failure   Level
 Dazzling Flash           Conj/Hex       30%        N/A       4%          3
 Fulminant Prism          Conj/Hex       7%         3d7       16%         4


Dungeon Overview and Level Annotations

Branches:
Dungeon (4/15)
 Temple: D:4-7

Altars:
Ashenzari
Makhleb

Annotations:
D:4 Ijyb


Innate Abilities, Weirdness & Mutations

You have a beak for a mouth.
You have claws for feet.
You can magically evade attacks while moving or waiting.


Message History

The magic dart hits Ijyb but does no damage.
Unknown command.
Things that are here:
a +0 dagger; 12 gold pieces
Casting: Magic Dart (safe; 1% risk of failure)
Confirm with . or Enter, or press ? or * to list all spells.
Aiming: Searing Ray (safe; 1% risk of failure)
Press: ? - help, Shift-Dir - straight line, f/p - Ijyb
Aim: Ijyb, wielding a +0 club, wearing a +1 leather armour of willpower and carrying a wand of roots (74% to hit)
The searing ray hits Ijyb.
Ijyb is lightly wounded. (Press . to maintain the ray.)
The searing ray hits Ijyb.
Ijyb is lightly wounded.
The searing ray hits Ijyb.
Ijyb is moderately wounded.
Ijyb zaps a wand.
The roots erupt in riotous growth!
The grasping roots grab you!
Ijyb is unaffected.
The grasping roots constrict you.
You hear a shout!
Unknown command.
The searing ray misses Ijyb.
You finish channelling your searing ray.
Ijyb hits you with a +0 club. The grasping roots constrict you.
Unknown command.
Unknown command.
Casting: Searing Ray (safe; 1% risk of failure)
Confirm with . or Enter, or press ? or * to list all spells.
Aiming: Searing Ray (safe; 1% risk of failure)
Press: ? - help, Shift-Dir - straight line, f/p - Ijyb
Aim: Ijyb, wielding a +0 club, wearing a +1 leather armour of willpower and carrying a wand of roots (moderately wounded, 74% to hit)
The searing ray hits Ijyb.
Ijyb is heavily wounded. (Press . to maintain the ray.) Ijyb hits you with a +0 club.
The grasping roots constrict you!
* * * LOW HITPOINT WARNING * * *
The searing ray misses Ijyb.
Ijyb hits you with a +0 club.
* * * LOW HITPOINT WARNING * * *
The grasping roots constrict you.
You die...

##.....# ##)......
#........ ######
#........ #[)..##
#........ #.##..#
#........ #.###.##
#........ #.# #..#
#........ #@# ##.#
##....... #g#
#.####.......
...###............
#.#.#............##
#. .##.............
.. ..#...........#.
.# #.##..†.....#.##
.. ..###.....##.#
####..##.#


You could see Ijyb.

Vanquished Creatures
  5 adders
  A worm (D:2)
  2 dart slugs
  2 bats (D:1)
  5 endoplasms
  3 giant cockroaches
  5 goblins
  5 hobgoblins
  2 kobolds
  6 quokkas
  5 ball pythons
  5 frilled lizards
  7 rats
53 creatures vanquished.

Notes
Turn   | Place    | Note
-------+----------+-------------------------------------------
     0 | D:1      | grandjackal the Tengu Conjurer began the quest for the Orb.
     0 | D:1      | Reached XP level 1. HP: 10/10 MP: 4/4
   221 | D:1      | Found a faded altar of an unknown god.
   295 | D:1      | Reached XP level 2. HP: 16/16 MP: 1/6
   346 | D:1      | Learned a level 2 spell: Searing Ray
   632 | D:1      | Reached skill level 1 in Fighting
  1282 | D:2      | Reached XP level 3. HP: 20/20 MP: 5/7
  1733 | D:2      | Reached skill level 6 in Conjurations
  1733 | D:2      | Reached XP level 4. HP: 22/26 MP: 4/9
  2027 | D:2      | Learned a level 4 spell: Iskenderun's Mystic Blast
  2485 | D:3      | Found a broken altar of Ashenzari.
  2992 | D:4      | Found a burning altar of Makhleb.
  2992 | D:4      | Noticed a cacodemon
  3129 | D:4      | Noticed Ijyb
  3143 | D:4      | Constricted to death by Ijyb

Illustrated notes

Levels and vault maps discovered:
D:1:      dpeg_arrival_radiant, layout_loops_corners, basic_ecumenical_altar
D:2:      layout_loops_cross, minmay_between
D:3:      layout_loops_ring, ashenzari_conservatory_becter, nrook_mini_vaults
D:4:      minmay_general_purpose_star, layout_rooms, makhleb_altar_promises_db,
          gammafunk_ghost_nasty_kobolds, uniq_ijyb

Skill      XL: |  1  2  3 |
---------------+----------+-----
Fighting       | 1 2 |  2.3
Conjurations   | 6 |  6.2
Dodging        | |  2.1
Stealth        | |  2.0
Spellcasting   | |  2.9
Translocations | |  0.5

Action                     |  1- 3 |  4- 6 || total
---------------------------+-------+-------++-------
  Melee: Unarmed           |     4 |       ||     4
         Kick              |     2 |       ||     2
         Peck              |     1 |     1 ||     2
         Dagger            |     1 |       ||     1
         Rapier            |       |     2 ||     2
   Cast: Magic Dart        |    55 |    39 ||    94
         Searing Ray       |     1 |     3 ||     4
 Armour: Robe              |     3 |     5 ||     8
  Dodge: Dodged            |     5 |     3 ||     8

Table legend: (Time is in decaauts)
 A = Elapsed time spent in this place.
 B = Non-inter-level travel time spent in this place.
 C = Inter-level travel time spent in this place.
 D = Time resting spent in this place.
 E = Time spent auto-exploring this place.
 F = Levels seen in this place.
 G = Mean time per level.
                   A        B        C        D        E       F      G
               +--------+--------+--------+--------+--------+-----+--------+
         Total |   3141 |   3081 |     60 |    378 |   2440 |   4 |  785.2 |
       Dungeon |   3141 |   3081 |     60 |    378 |   2440 |   4 |  785.2 |
               +--------+--------+--------+--------+--------+-----+--------+

Top non-repeatable levels by time:
     D:1: 1127 daAuts
     D:2: 917 daAuts
     D:3: 867 daAuts
     D:4: 228 daAuts
